[Event "*** Titled Tuesday Blitz"]
[Site "Chess.com"]
[Date "2018.07.03"]
[Round "7"]
[White "penguingm1"]
[Black "mukhin1"]
[Result "0-1"]
[WhiteElo "2778"]
[BlackElo "2935"]
[TimeControl "180+2"]
[EndTime "14:32:21 PDT"]
[Termination "mukhin1 won by resignation"]

1. d4 Nf6 2. c4 g6 3. f3 d5 4. cxd5 Nxd5 5. e4 Nb6 6. Nc3 Bg7 7. Be3 O-O 8. Qd2 e5 9. d5 c6 10. h4 cxd5 11. exd5 Na6 12. Rd1 f5 13. h5 f4 14. Bf2 Bf5 15. hxg6 Bxg6 16. Bd3 Qd6 17.
Nge2 Nb4 18. Bxg6 Qxg6 19. Kf1 Nc4 20. Qc1 Nd3 21. Qb1 Ndxb2 22. Qxg6 hxg6 23. Rc1 Rac8 24. Kg1 Nd3 25. Rd1 Nxf2 26. Kxf2 Rfd8 27. Rb1 Nd6 28. Rhd1 b6 29. Rbc1 Bf8 30. g3 Nf5 31. Ne4 fxg3+ 32. N2xg3 Nd4 33. Rxc8 Rxc8 34. f4 Rc2+ 35. Kf1 Nf3 36.
fxe5 Nxe5 37. d6 Nd7 38. a3 Bh6 39. Rd3 Bf4 40. Rf3 g5 41. Nh5 Rc4 42. Nxf4 Rxe4 43.
Nd5 Re6 44. Rf5 Rxd6 45. Rxg5+ Kf7 46. Ke2 Nc5 47. Ne3 Re6 48. Rf5+ Ke7 49. Kd2 Kd6 50. Nc2 Re7 51. Kc3 Rc7 52. Nd4 Ne6+ 53. Kd3 Nxd4 54. Kxd4 Rc5 55. Rf7 Ra5 56. Rf6+ Kc7 57. Rf3 Ra4+ 58.
Kd5 Kb7 59. Re3 Ka6 60. Kc6 Rc4+ 61. Kd5 Rc5+ 62. Kd4 Ka5 63. Re7 a6 64. Re6 Rc1 65. Re5+ b5 66. Re3 Ka4 67. Rf3 a5 68. Kd5 b4 69.
axb4 axb4 0-1

[Event "*** Titled Tuesday Blitz"]
[Site "Chess.com"]
[Date "2018.07.03"]
[Round "7"]
[White "abhijeetgupta1016"]
[Black "pultineviciuspaulius"]
[Result "0-1"]
[WhiteElo "2783"]
[BlackElo "2627"]
[TimeControl "180+2"]
[EndTime "14:32:27 PDT"]
[Termination "pultineviciuspaulius won by resignation"]

1. d4 Nf6 2. c4 e6 3. Nf3 d5 4. g3 dxc4 5. Bg2 Nc6 6. O-O a6 7. e3 Bd7 8. Qe2 b5 9. b3 cxb3 10. axb3 Bd6 11. Bb2 O-O 12. Rc1 Nb4 13. Ne5 Ra7 14.
Nc3 c5 15. Nxd7 Rxd7 16. dxc5 Bxc5 17. Nxb5 Nd3 18. Rxc5 Nxc5 19. Nd4 e5 20. Nc6 Rd2 21. Qc4 Qd3 22. Qxc5 Rxb2 23. Ne7+ Kh8 24. Ng6+ hxg6 25. Qxf8+ Kh7 26. Qxf7 Rxb3 27. Bf1 Rb1 28. Rxb1 Qxb1 29. Qa7 Ne4 30. Qxa6 Nd2 31. Qe2 Qc1 32. h4 e4 33.
Kg2 Nf3 34. Qc4 Qb1 35. Qb5 Qd1 36. Qe2 Qb1 37. g4 Qb8 38. Qxf3 exf3+ 39. Kxf3 Qh2 40. Bd3 Qxh4 41. Be2 Qh3+ 42. Kf4 Qh2+ 43. Kf3 Qh1+ 44. Kg3 Qg1+ 45. Kf3 Kg8 46. Bc4+ Kf8 47. Bd3 Kf7 48.
Bc4+ Kf6 49. Bd3 Kg5 50. Ke4 Qxg4+ 51. f4+ Kh4 52. Ke5 Kg3 53. Be4 Kf2 54. f5 Kxe3 0-1

[Event "*** Titled Tuesday Blitz"]
[Site "Chess.com"]
[Date "2018.07.03"]
[Round "7"]
[White "rasmussvane"]
[Black "attack2mateU"]
[Result "1-0"]
[WhiteElo "2601"]
[BlackElo "2661"]
[TimeControl "180+2"]
[EndTime "14:32:34 PDT"]
[Termination "rasmussvane won by resignation"]

1. Nf3 Nf6 2. c4 g6 3. Nc3 Bg7 4. e4 O-O 5. d4 d6 6. Be2 e5 7. O-O Nc6 8. dxe5 dxe5 9. Bg5 Qxd1 10. Rfxd1 Bg4 11. h3 Bxf3 12. Bxf3 Nd4 13. Nd5 Nxd5 14. cxd5 c5 15. dxc6 Nxc6 16. Rd7 b6 17. Be2 h6 18. Be3 Rfd8 19. Rxd8+ Rxd8 20. Rc1 Nd4 21. Kf1 Nxe2 22. Kxe2 Rd7 23. Rc8+ Kh7 24. a4 h5 25. b4 Bh6 26.
a5 Bxe3 27. fxe3 bxa5 28. bxa5 Kg7 29. Rc6 Rb7 30. Kf3 Rd7 31. Rc8 Rb7 32. Ra8 Rd7 33. Rc8 Kf6 34. Rc6+ Kg5 35. Rc5 Re7 36. Rb5 h4 37.
Rc5 f5 38. Rc6 Rf7 39. Re6 fxe4+ 40. Kxe4 Rf2 41. Rxe5+ Kf6 42. Rb5 Rxg2 43. Kf4 g5+ 44. Ke4 Rg3 45. Rb7 Rxh3 46. Rxa7 g4 47. Ra6+ Kg5 48.
Ra8 g3 49. a6 Rh1 50. a7 Ra1 51. Rg8+ Kh5 52. a8=Q Rxa8 53. Rxa8 Kg4 54. Rg8+ Kh3 55. Kf3 Kh2 56. e4 Kh1 57. Rxg3 1-0

[Event "*** Titled Tuesday Blitz"]
[Site "Chess.com"]
[Date "2018.07.03"]
[Round "7"]
[White "2Tilted"]
[Black "canwedoit"]
[Result "0-1"]
[WhiteElo "2298"]
[BlackElo "2511"]
[TimeControl "180+2"]
[EndTime "14:32:36 PDT"]
[Termination "canwedoit won by resignation"]

1. d4 Nf6 2. Nf3 d5 3. c4 c6 4.
e3 Bf5 5. Nc3 e6 6. Nh4 Be4 7.
f3 Bg6 8. Qb3 Qb6 9. Nxg6 hxg6 10.
c5 Qc7 11. g3 Nbd7 12. Bd2 b6 13. cxb6 axb6 14. O-O-O b5 15. Kb1 Nb6 16. e4 Nc4 17. Bf4 Qa5 18. exd5 exd5 19. Bd3 Bd6 20. Rhe1+ Kd7 21.
Bxd6 Nxd6 22. h4 Rhe8 23. a3 Nc4 24. Bxc4 bxc4 25. Qb7+ Qc7 26. Qxc7+ Kxc7 27. Kc2 Nh5 28. Ne2 Re3 29. g4 Nf6 30. Ng1 Rae8 31. Rxe3 Rxe3 32.
Kd2 Rb3 33. Kc2 Kd6 34. Re1 Rd3 35. Rd1 Rxd1 36. Kxd1 c5 37. Ne2 Nd7 38. Kd2 Nb6 39.
dxc5+ Kxc5 40. Nc3 f5 41. Ne2 Nd7 42. Nf4 Ne5 43.
gxf5 gxf5 44. Ke2 g6 45. Ne6+ Kd6 46. Nd4 Nd3 47. b4 Nb2 48. Kd2 Na4 49. f4 Nb2 50. Nf3 Nd3 51. b5 Nxf4 52. a4 Kc5 53. Ne5 d4 54.
Nd7+ Kd6 55. Nb6 c3+ 56. Kc2 Nd5 57. Nc4+ Kc5 58. Ne5 Nb4+ 59. Kb3 c2 60. Kb2 d3 61.
Nf3 Na2 62. Kxa2 c1=Q 63. Kb3 Qd1+ 0-1

[Event "*** Titled Tuesday Blitz"]
[Site "Chess.com"]
[Date "2018.07.03"]
[Round "7"]
[White "arctic_t00"]
[Black "NemtsevIgor"]
[Result "1-0"]
[WhiteElo "2348"]
[BlackElo "2401"]
[TimeControl "180+2"]
[EndTime "14:32:38 PDT"]
[Termination "arctic_t00 won by resignation"]

1. d4 c6 2. Nf3 h6 3. c4 d6 4. Nc3 Nd7 5. e4 g5 6. Be3 Bg7 7. h3 Ngf6 8. e5 Nh5 9. g4 Nf4 10. Bxf4 gxf4 11. e6 fxe6 12. Bd3 Nf8 13. Qe2 Qb6 14.
O-O-O a5 15. g5 Kd8 16. h4 Bxd4 17. Nxd4 Qxd4 18. Be4 Qe5 19. Qf3 Kc7 20. Rhe1 Qc5 21. g6 Rg8 22. Qxf4 Bd7 23. Qf7 Nxg6 24. Bxg6 Raf8 25.
Qxe7 Rxf2 26. Bd3 Rgg2 27. Ne4 Qb4 28. Nxf2 Rxf2 29. Re2 Rxe2 30. Bxe2 a4 31. Qg7 a3 32. Qc3 axb2+ 33. Qxb2 Qc5 34. Qd4 Qa3+ 35. Qb2 Qc5 36. Qc3 Qf2 37. Qd3 d5 38. cxd5 exd5 39. Rf1 Qc5+ 40.
Qc2 Qd4 41. h5 Qe3+ 42. Qd2 Qc5+ 43. Kb2 d4 44. Rc1 Qb6+ 45. Ka1 Be6 46. Qf4+ Kd7 47. Qxh6 Qa5 48. Qg7+ Kc8 49. Qh8+ Kd7 50. Qxd4+ Kc8 51. Qb2 Bd5 52. h6 Qd8 53. h7 Kc7 54. h8=Q Qxh8 55. Qxh8 1-0

[Event "*** Titled Tuesday Blitz"]
[Site "Chess.com"]
[Date "2018.07.03"]
[Round "7"]
[White "Fandorine"]
[Black "Flawless2018"]
[Result "1-0"]
[WhiteElo "2752"]
[BlackElo "2419"]
[TimeControl "180+2"]
[EndTime "14:32:41 PDT"]
[Termination "Fandorine won by resignation"]

1. e4 e5 2. Bc4 Nf6 3. d3 c6 4.
Nf3 d6 5. O-O Be7 6. c3 O-O 7.
Re1 Re8 8. Nbd2 Bf8 9. Nf1 Be6 10.
Bxe6 Rxe6 11. Ng3 h6 12. Nf5 Nbd7 13. h3 d5 14. Qc2 dxe4 15. dxe4 Qb6 16. Be3 Qa6 17.
g3 Nb6 18. b3 Rd8 19. Rad1 Rxd1 20. Rxd1 Re8 21. c4 Nc8 22. Bc1 Ne7 23. Nd6 Ra8 24.
Nxe5 Ng6 25. Nexf7 c5 26. e5 Nxe5 27. Nxe5 Bxd6 28. Ng4 Nxg4 29. hxg4 Bf8 30. Be3 b5 31. Qe4 Rb8 32. cxb5 Qxb5 33. g5 Qb7 34. Qc4+ Kh8 35. gxh6 gxh6 36. Bxc5 Bg7 37. Bd4 Qd7 38. Bxg7+ Qxg7 39. Qd4 Qxd4 40. Rxd4 Rb7 41. Ra4 Rd7 42. Kg2 Kg7 43.
Ra6 Re7 44. Kh3 Rf7 45. f4 Rd7 46. Kg4 Rb7 47. Kh4 Rc7 48. b4 Rd7 49. a3 Re7 50. b5 Rb7 51. a4 Rc7 52. g4 Rd7 53.
Kh5 Rf7 54. f5 Kf8 55. Kxh6 1-0

[Event "*** Titled Tuesday Blitz"]
[Site "Chess.com"]
[Date "2018.07.03"]
[Round "7"]
[White "MITerryble"]
[Black "Parhamov"]
[Result "1-0"]
[WhiteElo "2725"]
[BlackElo "2764"]
[TimeControl "180+2"]
[EndTime "14:32:47 PDT"]
[Termination "MITerryble won by resignation"]

1. d4 Nf6 2. Nf3 g6 3. Bg5 Bg7 4. Nbd2 d5 5. c3 Nbd7 6. e3 c5 7. Be2 b6 8. O-O Bb7 9. a4 a6 10. Qb3 O-O 11. Rfd1 Re8 12. h3 Qc8 13. Bf4 Bc6 14. Ne5 Nxe5 15. Bxe5 Qb7 16. a5 cxd4 17. cxd4 b5 18. Rdc1 Rac8 19. Qb4 e6 20. Nb3 Bf8 21. Nc5 Bxc5 22. dxc5 Nd7 23. Bd6 e5 24. Qh4 d4 25.
Bf1 dxe3 26. fxe3 Re6 27. b4 Kg7 28. Ra2 Rce8 29. Rf2 f5 30. g4 Be4 31. Kh2 Nf6 32.
Be2 h6 33. gxf5 gxf5 34. Rg1+ Kh7 35. Bxe5 Rxe5 36. Qxf6 R5e6 37. Qh4 Qc7+ 38. Qg3 Qe7 39. Bh5 Rf8 40. Rd2 f4 41. exf4 Ref6 42. Rd6 Rxd6 43. cxd6 Qf6 44. Re1 Rg8 45. Bg4 Qb2+ 46. Re2 Qb1 47.
Qg1 Qd3 48. Qe3 Qxe3 49. Rxe3 Bc6 50. Re7+ Kh8 51. Rc7 Be8 52. d7 1-0

[Event "*** Titled Tuesday Blitz"]
[Site "Chess.com"]
[Date "2018.07.03"]
[Round "7"]
[White "olksuna"]
[Black "W_Amadeus"]
[Result "0-1"]
[WhiteElo "2462"]
[BlackElo "2589"]
[TimeControl "180+2"]
[EndTime "14:32:51 PDT"]
[Termination "W_Amadeus won by checkmate"]

1. e4 e5 2. Nf3 Nc6 3. Bc4 Nf6 4. d3 Be7 5. O-O O-O 6. a4 d6 7. Re1 Kh8 8. Nc3 Ng8 9. d4 Bf6 10. dxe5 Nxe5 11. Be2 Nxf3+ 12. Bxf3 Ne7 13. Nd5 Nxd5 14. exd5 Bf5 15. c3 Re8 16. Be3 a5 17. Qb3 b6 18.
Qc4 Qd7 19. Bd4 Bxd4 20. Qxd4 Rxe1+ 21. Rxe1 Re8 22. Kf1 Bc2 23. Bd1 Bxd1 24. Qxd1 Rxe1+ 25. Kxe1 Qf5 26. f3 h6 27. Kf2 Qf4 28. g3 Qc4 29. g4 Kg8 30. Kg3 g5 31. Qd2 Qf1 32. Qe3 Qb1 33. h4 gxh4+ 34. Kxh4 Qxb2 35. Kh3 Qa1 36. Kg2 Qxa4 37. Qxh6 Qc2+ 38. Kg3 Qxc3 39. Qg5+ Kf8 40.
Qd8+ Kg7 41. Qg5+ Kh8 42. Qh6+ Kg8 43. Qg5+ Qg7 44. Qd8+ Kh7 45. Qxc7 Qe5+ 46. Kh4 Qh2+ 47. Kg5 Qe5+ 48. Kh4 Qxd5 49. Qxb6 a4 50. Qb1+ Kg8 51. Qb8+ Kg7 52. Qa7 Qe5 53. Qxa4 Qh2+ 54. Kg5 f6+ 55. Kf5 Qe5# 0-1

[Event "*** Titled Tuesday Blitz"]
[Site "Chess.com"]
[Date "2018.07.03"]
[Round "7"]
[White "gmjlh"]
[Black "NguyenDucHoa"]
[Result "0-1"]
[WhiteElo "2654"]
[BlackElo "2529"]
[TimeControl "180+2"]
[EndTime "14:33:05 PDT"]
[Termination "NguyenDucHoa won on time"]

1. d4 Nf6 2. Nf3 g6 3. e3 Bg7 4.
Bd3 O-O 5. O-O c5 6. dxc5 Qa5 7.
a3 Qxc5 8. b4 Qc7 9. Bb2 d6 10.
c4 Be6 11. Qe2 Rc8 12. Rc1 a5 13. Nd4 Bd7 14. Nc3 Na6 15. Nd5 Qd8 16. Nxf6+ Bxf6 17. Qd2 Qb6 18. bxa5 Qc5 19. Nb3 Qg5 20. Bxf6 Qxf6 21.
Be4 Ra7 22. Rab1 Ba4 23. Qd4 Qxd4 24. exd4 e5 25. Bd5 exd4 26. Nxd4 Nc5 27. Nb5 Bxb5 28.
Rxb5 Rca8 29. Re1 Kf8 30. a6 bxa6 31. Rb6 Rd8 32. g4 Re7 33. Rxe7 Kxe7 34. g5 f6 35. h4 h6 36. h5 fxg5 37. hxg6 Kf6 38. Bf7 h5 39. Kg2 g4 40. Rb1 h4 41. Re1 Rh8 42.
Kh2 Rb8 43. Kg1 Rb2 44. Kf1 Nd3 45. Re3 Nxf2 46. Bd5 g3 47. Re6+ Kg7 48. Kg2 Ng4+ 49. Kf3 Nf6 50. Kf4 Kxg6 51. Be4+ Kf7 52. Kf5 Nxe4 53.
Rxe4 g2 54. Rg4 h3 55. Kg5 h2 56. Rf4+ Ke6 57. Re4+ Kd7 58. Rh4 g1=Q+ 0-1

[Event "*** Titled Tuesday Blitz"]
[Site "Chess.com"]
[Date "2018.07.03"]
[Round "7"]
[White "platy3"]
[Black "Paralinch"]
[Result "1/2-1/2"]
[WhiteElo "2750"]
[BlackElo "2798"]
[TimeControl "180+2"]
[EndTime "14:33:08 PDT"]
[Termination "Game drawn by stalemate"]

1. e4 c6 2. d4 d5 3. Nc3 dxe4 4. Nxe4 Bf5 5. Ng3 Bg6 6. h4 h6 7. Nf3 Nd7 8. h5 Bh7 9. Bd3 Bxd3 10. Qxd3 e6 11. Bd2 Ngf6 12. O-O-O Be7 13. Kb1 Qc7 14. Ne4 Rd8 15. Nxf6+ Nxf6 16. Qe2 c5 17. dxc5 Bxc5 18. Ne5 Rd5 19. f4 O-O 20. Bc1 Rfd8 21. Rxd5 Nxd5 22.
Rd1 Bd6 23. g3 Bxe5 24. fxe5 b5 25. Rd3 Qc4 26. Qf2 Rc8 27. Rd4 Qc5 28. g4 Nb4 29. Rd8+ Kh7 30. Qxc5 Rxc5 31. Rd7 a5 32. c3 Nc6 33.
Rxf7 Nxe5 34. Ra7 Nxg4 35. Rxa5 Rf5 36. a4 bxa4 37. Rxf5 exf5 38. Ka2 g5 39. hxg6+ Kxg6 40. Ka3 h5 41. Kxa4 h4 42. b4 Ne5 43. b5 Nd3 44. b6 h3 45. Bf4 Nxf4 46. b7 h2 47. b8=Q h1=Q 48. Qxf4 Qe4+ 49. Qxe4 fxe4 50. Kb3 Kf5 51.
Kc2 Kf4 52. Kd1 Kf3 53. Ke1 Ke3 54. c4 Kd4 55. Ke2 Kxc4 56. Ke3 Kd5 57. Ke2 Kd4 58.
Kd2 Ke5 59. Ke3 Kf5 60. Ke2 Kf4 61. Kf2 Ke5 62. Ke3 Kd5 63. Ke2 Kd4 64. Kd2 e3+ 65. Ke2 Ke4 66. Ke1 Kf4 67. Ke2 Ke4 68. Ke1 Kd3 69. Kd1 Kd4 70. Ke2 Ke4 71. Ke1 Kf3 72.
Kf1 Kg3 73. Ke2 Kf4 74. Ke1 Ke4 75. Ke2 Kd4 76. Ke1 Kd3 77. Kd1 Ke4 78. Ke2 Kf4 79.
Ke1 Kf3 80. Kf1 e2+ 81. Ke1 Ke3 1/2-1/2

[Event "*** Titled Tuesday Blitz"]
[Site "Chess.com"]
[Date "2018.07.03"]
[Round "7"]
[White "simplerXiao"]
[Black "vovachesss"]
[Result "0-1"]
[WhiteElo "2338"]
[BlackElo "2428"]
[TimeControl "180+2"]
[EndTime "14:33:08 PDT"]
[Termination "vovachesss won by resignation"]

1. e4 d5 2. exd5 Nf6 3. Nf3 Nxd5 4. d4 Bg4 5. Be2 e6 6. O-O Bd6 7. Ne5 Bxe2 8. Qxe2 O-O 9. c4 Ne7 10. Nc3 Nf5 11.
Rd1 Qh4 12. Nf3 Qh5 13. c5 Be7 14. Bf4 c6 15. h3 Nd7 16. Ne4 Nf6 17. Be5 Nxe4 18.
Qxe4 Rad8 19. Rab1 Rd5 20. b4 Rfd8 21. Kh2 Nh4 22.
Ne1 Ng6 23. Bg3 Bf6 24. Nc2 e5 25. b5 exd4 26. bxc6 bxc6 27. Nb4 Rxc5 28. Nxc6 Rc8 29. Nxd4 Rc4 30. Qe3 h6 31. Nb5 Rc2 32. Nd6 Rf8 33.
a4 Be5 34. Kg1 Bxg3 35. Qxg3 Nh4 36. Rd4 Ng6 37. Rbd1 Qc5 38. Ne4 Qe5 39. Qf3 Nh4 40. Qg4 Ng6 41. Qf3 Nh4 42. Qg4 Ng6 43. Ng3 Qf6 44. R4d2 Rxd2 45. Rxd2 Qa1+ 46. Qd1 Qe5 47. Rd5 Qf4 48. a5 Qc7 49. Qd2 Re8 50. Kh2 Ne5 51.
Qd4 a6 52. Qc5 Qb8 53. Qb6 Qa8 54. Rd3 Nxd3 55. Qd6 Ne1 56. f3 Nxf3+ 57. gxf3 Qxf3 58. Qxa6 Qf2+ 59. Kh1 Re1+ 60. Nf1 Rxf1+ 0-1

[Event "*** Titled Tuesday Blitz"]
[Site "Chess.com"]
[Date "2018.07.03"]
[Round "7"]
[White "David_Paravyan"]
[Black "Fins0905"]
[Result "1-0"]
[WhiteElo "2716"]
[BlackElo "2607"]
[TimeControl "180+2"]
[EndTime "14:33:12 PDT"]
[Termination "David_Paravyan won by resignation"]

1. f4 d5 2. Nf3 g6 3. g3 Bg7 4.
Bg2 c5 5. O-O Nc6 6. d3 Nf6 7. c3 O-O 8. Na3 Rb8 9. Ne5 Qc7 10.
Nc2 b5 11. Kh1 Bb7 12. Nxc6 Bxc6 13. f5 Qb7 14. d4 cxd4 15. Nxd4 Bd7 16. Bf4 Rbc8 17.
Be5 Ne4 18. Bxg7 Kxg7 19. Qc1 b4 20. Bxe4 dxe4 21. Qe3 bxc3 22. bxc3 Qd5 23. Rf4 Bxf5 24. Rh4 Rh8 25. Rf1 f6 26. Nxf5+ gxf5 27. Rh5 e6 28.
Qxa7+ Kg6 29. g4 e3+ 30. Kg1 Rc4 31. Rh4 Rxg4+ 32. Rxg4+ fxg4 33. Qxe3 Rc8 34. a4 f5 35.
Ra1 Rc4 36. a5 Re4 37. Qf2 Qe5 38. Qg3 Qc5+ 39. Kf1 Re3 40. Qf2 Qxc3 41. Rd1 Re4 42. a6 Qe5 43. Kg1 Ra4 44. a7 Qa5 45. Qe3 Re4 46. Qf2 Ra4 47. Rd7 Kg5 48. Qe3+ Kf6 49. Qh6+ Ke5 50. Qe3+ Kf6 51. Qh6+ Ke5 52. Qe3+ Kf6 53.
Rxh7 Ra1+ 54. Kf2 Ra3 55. Rh6+ Kg7 56. Qg5+ Kf7 57. Rh7+ 1-0

[Event "*** Titled Tuesday Blitz"]
[Site "Chess.com"]
[Date "2018.07.03"]
[Round "7"]
[White "Last7Samurai"]
[Black "Kimster98"]
[Result "1/2-1/2"]
[WhiteElo "2606"]
[BlackElo "2512"]
[TimeControl "180+2"]
[EndTime "14:33:12 PDT"]
[Termination "Game drawn by repetition"]

1. Nf3 d5 2. g3 g6 3. d4 Nf6 4. Bg2 Bg7 5. O-O O-O 6. c3 c6 7. a4 a5 8. c4 Ne4 9. Nbd2 Bf5 10. b3 Nd7 11. Bb2 Nxd2 12. Qxd2 Nf6 13. Rad1 Ne4 14. Qc1 Qc8 15. Ba3 Re8 16. e3 Bf6 17. Nd2 Nxd2 18.
Qxd2 Bh3 19. Rfe1 Bxg2 20. Kxg2 Qd7 21. f3 e6 22. e4 b5 23. Bc5 b4 24. cxd5 cxd5 25.
e5 Be7 26. Rc1 Rec8 27. Rc2 Bxc5 28. dxc5 Rc6 29. Qd4 Rac8 30. Rec1 Qe7 31. h4 h5 32. Kh3 Rf8 33. g4 f6 34. gxh5 fxe5 35. Qxe5 Rf5 36.
Qg3 Qf6 37. Qxg6+ Qxg6 38. hxg6 Kg7 39. Kg4 Kxg6 40. Re2 d4 41. Rd1 Rd5 42. Re4 e5 43. f4 exf4 44. Rexd4 Rxd4 45. Rxd4 Rxc5 46. Kxf4 Rc3 47.
Rd6+ Kg7 48. Rd5 Rxb3 49. Rxa5 Ra3 50. Ke4 b3 51. Kd3 b2+ 52. Kc2 Rh3 53. Kxb2 Rxh4 54. Kb3 Kf6 55. Rd5 Ke6 56. Rd8 Rh7 57. a5 Rd7 58.
Rc8 Kd6 59. Kb4 Rc7 60. Rb8 Kc6 61. a6 Rg7 62. Rb5 Rg4+ 63. Ka5 Rg1 64. Rb6+ Kc5 65. Rb5+ Kc6 66. Rb6+ Kc5 67. Rb5+ Kc6 1/2-1/2

[Event "*** Titled Tuesday Blitz"]
[Site "Chess.com"]
[Date "2018.07.03"]
[Round "7"]
[White "Roachelley"]
[Black "WPWPWP-2015"]
[Result "1-0"]
[WhiteElo "2320"]
[BlackElo "2382"]
[TimeControl "180+2"]
[EndTime "14:33:18 PDT"]
[Termination "Roachelley won by resignation"]

1. e4 e5 2. Nf3 Nf6 3. Nxe5 d6 4. Nf3 Nxe4 5. d4 d5 6. Bd3 Bd6 7. O-O O-O 8. Re1 Bf5 9. Be3 Re8 10. Nbd2 Nd7 11.
Bg5 f6 12. Bh4 Nf8 13. Nf1 Ng6 14. Bg3 Nf4 15. Ne3 Nxd3 16. Qxd3 Bg6 17. Qb3 Nxg3 18.
hxg3 Bf7 19. Qxb7 Rb8 20. Qc6 Rb6 21. Qa4 Rxb2 22. Nf5 Bf8 23. Rxe8 Bxe8 24. Qxa7 Rxc2 25. Ne3 Rc6 26. Qa5 Bf7 27. Re1 Rb6 28. Qa4 Rb4 29. Qc2 Qb8 30. Qc6 Rb6 31. Qd7 Rd6 32. Qg4 Re6 33. Rc1 c6 34. Nf5 Kh8 35. Ne3 Qa8 36.
Rc2 Qe8 37. Nh4 Re4 38. Qd1 g6 39. Nf3 Bh6 40. Nf1 Qd7 41. Qd3 Re8 42. Qa3 Bf8 43.
Qa6 Rc8 44. Ne3 Be8 45. Qd3 Ra8 46. Re2 Ra3 47. Qd2 Qb7 48. Kh2 Bf7 49. Ng4 Bg7 50. Qf4 f5 51. Nge5 Bg8 52. Qh4 Bxe5 53. Nxe5 Kg7 54.
Nc4 Ra7 55. Nd6 Qd7 56. Ne8+ Kf8 57. Qh6+ Qg7 58. Nxg7 Rxg7 59. Re8+ Kf7 60. Re7+ Kxe7 61. Qxg7+ Bf7 62. Qe5+ Kf8 63. a4 Be8 64. a5 Bd7 65. Qd6+ Ke8 66. a6 Bc8 67. a7 Bb7 68. Qb8+ Kd7 69.
Qxb7+ Ke6 70. a8=Q f4 71. Qe8+ Kf5 72. Qbd7+ Kg5 73. gxf4+ Kh6 74. Qh3+ 1-0

[Event "*** Titled Tuesday Blitz"]
[Site "Chess.com"]
[Date "2018.07.03"]
[Round "7"]
[White "Korchmar_Vasiliy"]
[Black "kuli4ik"]
[Result "1-0"]
[WhiteElo "2717"]
[BlackElo "2755"]
[TimeControl "180+2"]
[EndTime "14:33:32 PDT"]
[Termination "Korchmar_Vasiliy won by resignation"]

1. d4 e6 2. Bf4 c5 3. e3 Qb6 4.
Nc3 a6 5. Rb1 Nf6 6. Nf3 cxd4 7.
exd4 d6 8. Bd3 Be7 9. O-O O-O 10. Re1 Re8 11. h3 Nbd7 12. Ng5 Nf8 13. d5 e5 14. Be3 Qc7 15. f4 exf4 16. Bxf4 Ng6 17. Bxg6 hxg6 18.
Qf3 Bf5 19. Re2 Bf8 20. Be3 b5 21. a3 Nd7 22. g4 Ne5 23. Qf2 f6 24. gxf5 fxg5 25. fxg6 Qd7 26. Bxg5 Qxh3 27. Re3 Qh5 28. Qg2 Ng4 29. Rg3 Qxg5 30. Rxg4 Qe3+ 31. Kh1 Qh6+ 32. Kg1 Qe3+ 33. Qf2 Qxf2+ 34. Kxf2 Be7 35. Ne4 Rac8 36. c3 Rc4 37. b3 Rcc8 38. Rh1 Rf8+ 39. Ke3 Rf5 40. Rg2 Re5 41. Kd4 Rxc3 42. Nxc3 Bf6 43. Kd3 Rf5 44. Rg3 Be5 45. Rgh3 Kf8 46. Ne4 Ke7 47.
Rh7 Bb2 48. a4 Rxd5+ 49. Kc2 Be5 50. axb5 axb5 51. Rf1 Rd4 52. Rf7+ Ke6 53. Ng5+ Kd5 54. Nf3 Rg4 55. Nxe5 dxe5 56. Rhxg7 Rg2+ 57. Kd1 e4 58. Rd7+ Ke5 59. Rge7+ Kf4 60. g7 Ke3 61. Re8 Rg1+ 62. Kc2 Rg2+ 63. Kc3 Rxg7 64. Rxg7 1-0

[Event "*** Titled Tuesday Blitz"]
[Site "Chess.com"]
[Date "2018.07.03"]
[Round "7"]
[White "rekosheten"]
[Black "DishonorOnYourCow"]
[Result "0-1"]
[WhiteElo "2315"]
[BlackElo "2243"]
[TimeControl "180+2"]
[EndTime "14:33:47 PDT"]
[Termination "DishonorOnYourCow won by resignation"]

1. e4 e5 2. Nf3 Nc6 3. Bb5 Nf6 4.
O-O Nxe4 5. d4 Nd6 6. Bxc6 dxc6 7. dxe5 Nf5 8. Qxd8+ Kxd8 9. c4 Be7 10. Nc3 Be6 11.
b3 Ke8 12. h3 h5 13. Bg5 Rd8 14. Rad1 Rxd1 15. Rxd1 Bxg5 16. Nxg5 Ke7 17. g4 hxg4 18. hxg4 Nh4 19. f3 Ng6 20. Re1 Rd8 21. Re2 Nf4 22. Rc2 Rd3 23. Kf2 f6 24. exf6+ gxf6 25. Nxe6 Nxe6 26.
Ne4 Rxf3+ 27. Kxf3 Nd4+ 28. Kf4 Nxc2 29. Nc5 b6 30.
Na6 Kd6 31. Kf5 Ne3+ 32. Kf4 Ng2+ 33. Kf5 Ne3+ 34. Kf4 Nf1 35. Ke4 c5 36. Kf5 Ne3+ 37. Kf4 Nf1 38. a3 c6 39. b4 cxb4 40. axb4 c5 41.
bxc5+ bxc5 42. Kf5 Ne3+ 43. Kxf6 Nxg4+ 44. Kf5 Ne3+ 45. Ke4 Nxc4 46. Kd3 Nb6 47. Kc3 Kc6 48. Nb8+ Kb5 49.
Kb3 a5 50. Kc3 a4 51. Kb2 Nc4+ 52. Kc3 Nb6 53. Kb2 c4 54. Kc3 Nd5+ 55. Kb2 c3+ 56. Kc2 Kc4 57. Nc6 a3 58. Ne5+ Kb4 59. Nd3+ Ka4 60.
Nc1 Kb4 61. Na2+ Kc4 62. Nc1 Nb4+ 63. Kb1 c2+ 64. Ka1 Kc3 65. Nb3 Nd3 66. Ka2 Nc5 67.
Nc1 Kd2 68. Nb3+ Nxb3 69. Kxb3 c1=Q 70. Kb4 a2 0-1

[Event "*** Titled Tuesday Blitz"]
[Site "Chess.com"]
[Date "2018.07.03"]
[Round "7"]
[White "Yurovskykh_Oleksandr"]
[Black "BasilSmash"]
[Result "0-1"]
[WhiteElo "2400"]
[BlackElo "2437"]
[TimeControl "180+2"]
[EndTime "14:33:51 PDT"]
[Termination "BasilSmash won on time"]

1. d4 d5 2. Bg5 h6 3. Bh4 c6 4.
Nf3 Bf5 5. e3 Nd7 6. Bd3 Bxd3 7.
Qxd3 Ngf6 8. O-O e6 9. c4 Be7 10. Nc3 O-O 11. Rad1 Re8 12. e4 Nxe4 13. Bxe7 Qxe7 14.
Nxe4 dxe4 15. Qxe4 Qb4 16. Qc2 Rad8 17. Rd3 a5 18.
Rfd1 a4 19. Qc3 Qxc3 20. Rxc3 Kf8 21. Kf1 Ke7 22. Ra3 b5 23. cxb5 cxb5 24. Rc3 Rc8 25. Rdc1 Rxc3 26. Rxc3 Kd6 27. Ke2 Rb8 28. Kd3 g5 29.
Nd2 f5 30. Rc1 g4 31. Nf1 Nf6 32. f3 h5 33. Ng3 h4 34. Ne2 gxf3 35. gxf3 Nd5 36. a3 Rg8 37. Rg1 Nf4+ 38. Ke3 Nd5+ 39. Kd3 Nf4+ 40. Ke3 Ng2+ 41. Kf2 h3 42. Nf4 Rc8 43.
Nxg2 hxg2 44. Rxg2 Kd5 45. Ke3 Rc1 46. h4 Rh1 47.
Rc2 f4+ 48. Kd3 Rd1+ 49. Rd2 Rf1 50. Rh2 Rxf3+ 51. Kd2 Kxd4 52. h5 Rg3 53. h6 Rg8 54.
h7 Rh8 55. Ke2 Ke4 56. Rh6 e5 57. Kf2 Kf5 58. Rh5+ Kg4 59. Rxe5 Rxh7 60. Rxb5 Rh2+ 61. Kg1 Rc2 62. Rb8 Kg3 63. Rg8+ Kf3 64. Rb8 Rc1+ 65. Kh2 Rb1 66. Rb4 Ke3 67. Rxa4 Rxb2+ 68. Kg1 f3 69.
Ra8 Rb1+ 70. Kh2 f2 71. Re8+ Kd4 72. Rd8+ Kc5 73. Rc8+ Kd6 0-1

[Event "*** Titled Tuesday Blitz"]
[Site "Chess.com"]
[Date "2018.07.03"]
[Round "7"]
[White "joppie2"]
[Black "Zaven_ChessMood"]
[Result "1-0"]
[WhiteElo "2733"]
[BlackElo "2863"]
[TimeControl "180+2"]
[EndTime "14:34:01 PDT"]
[Termination "joppie2 won by resignation"]

1. d4 Nf6 2. Bf4 g6 3. Nc3 Bg7 4. e4 d6 5. Qd2 Nc6 6. d5 Ne5 7. O-O-O O-O 8. Bh6 c6 9. Bxg7 Kxg7 10. f4 Ned7 11.
Nf3 cxd5 12. e5 Ne4 13. Qd4 Nxc3 14. exd6+ Kg8 15. Qxc3 exd6 16. h3 Nf6 17. g4 Ne4 18. Qd4 Bd7 19. Bd3 Re8 20. Rhe1 Rc8 21. Kb1 Bc6 22.
f5 Qb6 23. Qxb6 axb6 24. Nd4 Kg7 25. Rf1 Re5 26. Nf3 Ree8 27. Nd4 Bd7 28. a3 g5 29. Bb5 Bc6 30. f6+ Kg6 31. Bd3 h5 32. Nf5 hxg4 33. hxg4 Kxf6 34. Nxd6+ Kg6 35. Nxc8 Rxc8 36. Rf5 Re8 37.
Kc1 f6 38. b4 b5 39. Rdf1 Re6 40. a4 bxa4 41. b5 Be8 42. Rxd5 Kg7 43. Re1 Bg6 44. Rd7+ Kf8 45. Rd4 Nc5 46. Rxe6 Nxe6 47. Rd6 Bxd3 48. Rxe6 Bxb5 49. Rxf6+ Kg7 50. Rf5 Bd7 51. Rxg5+ Kf6 52.
Rg8 Kf7 53. Rb8 Bc6 54. Kd2 Kf6 55. Ke3 Kg5 56. Rg8+ Kf6 57. Kf4 Bd5 58. Ra8 Bc6 59. c3 Kg6 60. Ra5 Kf6 61. Ke3 Ke6 62. Kd4 Kd6 63. g5 Be8 64. Ra8 Ke7 65. Kc5 Bc6 66.
Kb4 Kf7 67. Rxa4 Kg6 68. Ra5 Bf3 69. Rc5 Bg2 70. Kb5 Kh5 71. Kb6 Kg6 72. Rc7 Bf3 73. c4 Kxg5 74. c5 Kf6 75. Rxb7 Ke6 76. c6 Kd6 77. Rd7+ Ke6 78. Rd2 Bg4 79. c7 Ke5 80. Kb7 Bf3+ 81. Kb8 Bg4 82. c8=Q Ke4 83. Qxg4+ Ke3 84. Qd4+ Kf3 85. Rf2+ 1-0